 Dungeon Crawl Stone Soup version 0.27.0-1-g7a089689b8 (webtiles) character file.

Game seed: 4836806256627701988

15371 lnt the Cleaver (level 12, -1/169 HPs)
             Began as a Minotaur Berserker on July 31, 2021.
             Was a High Priest of Trog.
             Slain by an orc warlord (26 damage)
             ... on level 1 of the Orcish Mines on Aug 1, 2021.
             The game lasted 00:44:27 (12151 turns).

lnt the Cleaver (Minotaur Berserker)               Turns: 12151, Time: 00:44:28

Health: -1/169     AC: 23    Str: 22    XL:     12   Next: 0%
Magic:  3/3        EV: 13    Int:  4    God:    Trog [*****.]
Gold:   628        SH:  0    Dex: 15    Spells: 11/11 levels left

rFire    . . .     SeeInvis .   c - +2 battleaxe (antimagic)
rCold    . . .     Faith    .   (shield currently unavailable)
rNeg     . . .     Spirit   .   G - +10 scale mail "Jeesudac" {Slay+2}
rPois    +         Reflect  .   (helmet restricted)
rElec    .         Harm     .   I - +0 cloak
rCorr    .         Rampage  .   m - +0 pair of gloves
Will     ++...                  O - +0 pair of boots
Stlth    ..........             (no amulet)
HPRegen  1.38/turn              q - +4 ring of protection
MPRegen  0.08/turn              P - ring of poison resistance

@: berserking, strong-willed, regenerating, very quick
A: horns 2, retaliatory headbutt
a: Renounce Religion, Berserk, Trog's Hand, Brothers in Arms


You were on level 1 of the Orcish Mines.
You worshipped Trog.
Trog was extremely pleased with you.
You visited 3 branches of the dungeon, and saw 15 of its levels.

You collected 855 gold pieces.
You spent 227 gold pieces at shops.

Inventory:

Hand Weapons
 c - a +2 antimagic battleaxe (weapon)
 B - a +4 trident of venom
 T - a +3 vorpal trident
Missiles
 f - 6 javelins
 g - 36 poisoned darts (quivered)
 E - 7 boomerangs
 X - 8 curare-tipped darts
 Y - 4 throwing nets
Armour
 m - a +0 pair of gloves (worn)
 n - a +0 buckler
 p - a +0 scale mail
 G - the +10 scale mail "Jeesudac" (worn) {Slay+2}
   (You bought it in a shop on level 6 of the Dungeon)

   Slay:      It affects your accuracy & damage with ranged weapons and melee
   (+2).
 I - a +0 cloak (worn)
 O - a +0 pair of boots (worn)
Jewellery
 q - a +4 ring of protection (left hand)
 u - a ring of protection from cold
 J - a ring of see invisible
 L - a +4 ring of protection
 P - a ring of poison resistance (right hand)
 V - a +6 ring of intelligence
Wands
 D - a wand of acid (10)
 Q - a wand of digging (10)
 S - a wand of mindburst (13)
 U - a wand of polymorph (3)
Scrolls
 b - 3 scrolls of acquirement {unknown}
 e - a scroll of blinking {unknown}
 j - 3 scrolls of teleportation {unknown}
 k - 12 scrolls of identify
 o - 2 scrolls of silence {unknown}
 t - a scroll of immolation {unknown}
 w - a scroll of noise {unknown}
 x - 2 scrolls of fear {unknown}
 A - 2 scrolls of holy word {unknown}
 K - a scroll of vulnerability {unknown}
 W - 2 scrolls of brand weapon {unknown}
 Z - a scroll of amnesia {unknown}
Potions
 a - 2 potions of resistance
 i - 3 potions of curing
 r - 2 potions of magic {unknown}
 s - a potion of attraction {unknown}
 v - 4 potions of might {unknown}
 z - 2 potions of flight {unknown}
 C - 2 potions of brilliance {unknown}
 M - 2 potions of experience {unknown}
Miscellaneous
 d - a phantom mirror


   Skills:
 - Level 12.8 Fighting
 + Level 14.0(15.3) Axes
 - Level 11.3(14.0) Polearms
 - Level 2.4 Armour
 + Level 7.5 Dodging


You had 11 spell levels left.
You didn't know any spells.
Your spell library was empty.

Dungeon Overview and Level Annotations

Branches:
Dungeon (12/15)            Temple (1/1) D:4            Lair (0/6) D:10
    Orc (2/2) D:11            Elf (0/3) Orc:2

Altars:
Ashenzari
Cheibriados
Dithmenos
Elyvilon
Fedhas
Gozag
Hepliaklqana
Kikubaaqudgha
Makhleb
Nemelex Xobeh
Okawaru
Qazlal
Ru
Sif Muna
Trog
Uskayaw
Vehumet
Wu Jian
Xom
Yredelemnul
Zin
The Shining One

Shops:
D:1 ?   D:4 *   D:6 (**=   D:9 :

Annotations:
D:11 1 runed translucent door, JackMcBride's ghost, journeyman MiFi


Innate Abilities, Weirdness & Mutations

You have a pair of horns on your head.
You reflexively headbutt those who attack you in melee.


Message History

You are too injured to fight recklessly!
You are too injured to fight recklessly!
You are too injured to fight recklessly!
You hit the orc warlord. You headbutt the orc warlord.
The orc warlord is moderately wounded.
The orc warlord hits you with a +0 great sword!
You hit the orc warlord.
The orc warlord is moderately wounded.
You hit the orc warlord. You headbutt the orc warlord.
The orc warlord is moderately wounded.
The orc warlord closely misses you. You furiously retaliate!
You headbutt the orc warlord. You slash the orc warlord!
You headbutt the orc warlord, but do no damage.
The orc warlord is heavily wounded.
The orc warlord hits you with a +0 great sword!
Your skin crawls.
You feel strong-willed. The orc warlord closely misses you.
You hit the orc warlord. You headbutt the orc warlord!
The orc warlord is severely wounded.
The orc warlord hits you with a +0 great sword.
You hit the orc warlord.
The orc warlord is severely wounded.
The orc warlord hits you with a +0 great sword!!
* * * LOW HITPOINT WARNING * * *
You slash the orc warlord! Your headbutt misses the orc warlord.
The orc warlord is severely wounded.
The orc warlord hits you with a +0 great sword!!
* * * LOW HITPOINT WARNING * * *
You feel much better. The orc warlord misses you.
You closely miss the orc warlord. You headbutt the orc warlord.
The orc warlord is almost dead.
The orc warlord hits you with a +0 great sword!
* * * LOW HITPOINT WARNING * * *
Okay, then.
A red film seems to cover your vision as you go berserk!
You feel yourself moving faster!
You feel mighty!
The orc warlord hits you with a +0 great sword!!
You die...

#...###...##......######
##...#......#........##.##
##.#.#....................#
##....#................##.##
##......#....<..........####
#......................##
####.....##...........#####
##.##.#...##...)).##...###.##
#.........)....)@)#.#...#...##
...##....†.....)o)...#)>.....#
#.####.#.#.........^.......^##
### ####...................#
##.#............#..##
###.............###
##........#...# ##......#...##
#...........#


You could see an orc warlord.

Vanquished Creatures
  Harold (D:10)
  A centaur warrior (D:10)
  Erica (D:11)
  4 two-headed ogres
  A deep elf pyromancer (D:10)
  An orc sorcerer (Orc:1)
  Maurice (D:8)
  An elephant (D:10)
  4 centaur zombies
  A kobold demonologist (D:11)
  A troll (D:11)
  A polar bear (D:9)
  Grinder (D:4)
  A shadow (D:11)
  2 wyverns (D:10)
  17 yaks
  A wraith (D:11)
  Eustachio (D:6)
  3 steam dragons
  3 wargs (Orc:1)
  Menkaure (D:4)
  An acid dragon (D:11)
  4 water moccasins
  3 ice beasts
  3 orc warriors
  A sky beast (D:6)
  2 black bears (D:10)
  A necrophage (D:4)
  4 ogres
  A centaur (D:11)
  A kobold brigand (D:10)
  2 phantoms (D:5)
  Blork the orc (D:6)
  2 bullfrogs
  A gnoll sergeant (D:5)
  A water moccasin zombie (D:6)
  A water moccasin skeleton (D:5)
  5 killer bees (D:11)
  2 electric eels (D:9)
  A crimson imp (D:6)
  2 jellies (D:5)
  4 orc priests
  3 hounds
  A gnoll shaman (D:6)
  2 iguanas
  A scorpion zombie (D:5)
  9 orc wizards
  A killer bee zombie (D:8)
  2 howler monkey zombies
  A howler monkey skeleton (D:6)
  9 gnolls
  6 adders
  3 white imps
  A howler monkey simulacrum (D:9)
  5 ufetubi
  An adder skeleton (D:4)
  2 worms
  6 dart slugs
  58 orcs
  6 endoplasms
  5 giant cockroaches
  4 goblins
  4 hobgoblins
  8 jackals
  12 kobolds
  A quokka (D:4)
  5 ball pythons
  6 bats
  5 frilled lizards
  6 rats
264 creatures vanquished.

Notes
Turn   | Place    | Note
-------+----------+-------------------------------------------
     0 | D:1      | lnt the Minotaur Berserker began the quest for the Orb.
     0 | D:1      | Reached XP level 1. HP: 19/19 MP: 0/0
    54 | D:1      | Reached skill level 4 in Axes
   267 | D:1      | Reached XP level 2. HP: 26/26 MP: 1/1
   557 | D:1      | Found Menomes's Magic Scroll Boutique.
   976 | D:2      | Reached skill level 5 in Axes
  1138 | D:2      | Reached XP level 3. HP: 29/31 MP: 2/2
  1227 | D:2      | Reached ** piety under Trog
  1837 | D:3      | Reached skill level 6 in Axes
  1837 | D:3      | Reached XP level 4. HP: 39/39 MP: 3/3
  2558 | D:4      | Noticed a necrophage
  2570 | D:4      | Killed a necrophage
  2571 | D:4      | Reached skill level 7 in Axes
  2571 | D:4      | Reached XP level 5. HP: 34/45 MP: 4/4
  2577 | D:4      | Found a staircase to the Ecumenical Temple.
  2662 | Temple   | Entered the Ecumenical Temple
  2781 | D:4      | Reached skill level 8 in Axes
  2781 | D:4      | Reached *** piety under Trog
  2818 | D:4      | Found Zarphaam's CLEARANCE SALE! EVERYTHING MUST GO!.
  2866 | D:4      | Bought a potion of heal wounds for 20 gold pieces
  2998 | D:4      | Reached XP level 6. HP: 51/51 MP: 5/5
  3374 | D:4      | Noticed Menkaure
  3381 | D:4      | Killed Menkaure
  3382 | D:4      | Reached skill level 9 in Axes
  3406 | D:4      | Noticed Grinder
  3428 | D:4      | Killed Grinder
  3429 | D:4      | Reached skill level 10 in Axes
  3429 | D:4      | Reached XP level 7. HP: 50/57 MP: 6/6
  3577 | D:5      | Entered Level 5 of the Dungeon
  3670 | D:5      | Noticed a steam dragon
  3685 | D:5      | Killed a steam dragon
  3686 | D:5      | Reached skill level 11 in Axes
  3696 | D:5      | Reached XP level 8. HP: 62/64 MP: 7/7
  4106 | D:5      | Reached skill level 12 in Axes
  4181 | D:5      | Reached **** piety under Trog
  4391 | D:5      | HP: 3/64 [poisoned by a gnoll sergeant]
  5076 | D:6      | Reached skill level 13 in Axes
  5306 | D:6      | Found a sacrificial altar of Ru.
  5469 | D:6      | Found Morphun's Assorted Antiques.
  5474 | D:6      | Bought a steaming scale mail for 207 gold pieces
  5474 | D:6      | Identified the +10 scale mail "Jeesudac" {Slay+2} (You
                  | bought it in a shop on level 6 of the Dungeon)
  5515 | D:6      | Found Haetiwiq's Antique Weapon Emporium.
  5533 | D:6      | Noticed Blork the orc
  5541 | D:6      | Killed Blork the orc
  5577 | D:6      | Noticed Eustachio
  5588 | D:6      | Killed Eustachio
  5589 | D:6      | Reached skill level 1 in Polearms
  5589 | D:6      | Reached XP level 9. HP: 71/71 MP: 8/8
  5645 | D:6      | Found Dikicin's Assorted Antiques.
  5810 | D:6      | Found Lolaschi's Jewellery Boutique.
  5839 | D:6      | Found a burning altar of Makhleb.
  5840 | D:6      | Found a shimmering altar of Xom.
  5993 | D:6      | Reached skill level 5 in Fighting
  7020 | D:8      | Reached ***** piety under Trog
  7492 | D:8      | Noticed a two-headed ogre
  7497 | D:8      | Killed a two-headed ogre
  7498 | D:8      | Reached skill level 5 in Polearms
  7498 | D:8      | Reached XP level 10. HP: 83/91 MP: 9/9
  7544 | D:8      | Noticed Maurice
  7561 | D:8      | Killed Maurice
  8202 | D:8      | Reached skill level 10 in Fighting
  8246 | D:9      | Received a gift from Trog
  8800 | D:9      | Found an iron altar of Okawaru.
  8801 | D:9      | Found a bloodstained altar of Trog.
  8802 | D:9      | Found a hazy altar of Hepliaklqana.
  8802 | D:9      | Found a shimmering blue altar of Sif Muna.
  9059 | D:9      | Found a blossoming altar of Fedhas.
  9147 | D:9      | Found Weonoxt's Book Shoppe.
  9188 | D:10     | Entered Level 10 of the Dungeon
  9188 | D:10     | Noticed a two-headed ogre
  9194 | D:10     | Killed a two-headed ogre
  9275 | D:10     | You fall into a shaft and drop 2 floors!
  9410 | D:11     | Found a runed translucent door.
  9411 | D:11     | Found a shimmering altar of Xom.
  9411 | D:11     | Noticed JackMcBride's ghost (journeyman MiFi)
  9411 | D:11     | Noticed a +0 quarterstaff of chaos
  9459 | D:10     | Noticed a centaur warrior
  9468 | D:10     | Killed a centaur warrior
  9469 | D:10     | Reached XP level 11. HP: 100/105 MP: 10/10
  9590 | D:10     | Noticed a deep elf pyromancer
  9604 | D:10     | Killed a deep elf pyromancer
  9739 | D:10     | Noticed a two-headed ogre
  9747 | D:10     | Killed a two-headed ogre
  9748 | D:10     | Reached skill level 10 in Polearms
  9900 | D:10     | Found a staircase to the Lair.
 10039 | D:10     | Noticed Harold
 10052 | D:10     | Killed Harold
 10823 | D:11     | Noticed a two-headed ogre
 10853 | D:11     | Killed a two-headed ogre
 11232 | D:11     | Found a staircase to the Orcish Mines.
 11232 | D:11     | Noticed Erica
 11242 | D:11     | Killed Erica
 11243 | D:11     | Reached skill level 5 in Dodging
 11666 | D:11     | Received a gift from Trog
 11913 | Orc:1    | Entered Level 1 of the Orcish Mines
 11928 | Orc:1    | Noticed an orc sorcerer
 11930 | Orc:1    | Paralysed by an orc sorcerer for 3 turns
 11935 | Orc:1    | Killed an orc sorcerer
 12126 | Orc:2    | Entered Level 2 of the Orcish Mines
 12126 | Orc:2    | Found a staircase to the Elven Halls.
 12126 | Orc:2    | Noticed an orc warlord
 12132 | Orc:1    | Reached skill level 14 in Axes
 12138 | Orc:1    | Reached XP level 12. HP: 93/113 MP: 3/11
 12148 | Orc:1    | HP: 2/113 [orc warlord (18)]
 12151 | Orc:1    | Slain by an orc warlord

Illustrated notes

Levels and vault maps discovered:
D:1:      evilmike_arrival_plus, layout_basic, serial_shops, shop
D:2:      layout_rooms, minmay_heptomino_h4
D:3:      layout_basic
D:4:      layout_basic, minmay_temple_entry_mist, nicolae_shop_clearance,
          uniq_menkaure, uniq_grinder
D:5:      layout_loops_ring
D:6:      layout_loops_corners, grunt_temple_overflow_champion_of_chaos,
          nicolae_ru_sacrificial_ziggurat, serial_shops, shop, kennysheep_mini,
          shop, nicolae_shop_crystal, st_stairs_5, uniq_eustachio,
          uniq_blork_the_orc
D:7:      layout_loops_ring, kennysheep_decorative_pillar
D:8:      layout_rooms, uniq_maurice
D:9:      layout_basic, mainiacjoe_overflow_alcove_3, fedhas_altar_fruit_tree,
          serial_shops, shop, serial_ice, serial_ice_n, serial_ice_k,
          serial_ice_m, serial_ice_e
D:10:     layout_stronghold, david_lair_generic, corexii_hall_statues_s,
          uniq_harold
D:11:     layout_basic, orc_0_dummy, ebering_ghost_xom, nicolae_benzene_ring,
          nrook_uturn, uniq_erica
D:12:     layout_gridville, hangedman_devilish_allure, uniq_snorg, uniq_nergalle
Temple:   zaba_magenta_temple
Orc:1:    layout_caves, minmay_shop_enchanted_jewellery
Orc:2:    st_orc_pillars, layout_caves, special_room, serial_shops,
          nicolae_shop_statue_plus, uniq_erolcha, uniq_urug, uniq_nessos

Skill      XL: |  1  2  3  4  5  6  7  8  9 10 11 |
---------------+----------------------------------+-----
Axes           | 4 5 6 7 8 10 11 13 14 | 14.0
Fighting       | 4 9 12 | 12.8
Polearms       | 1 5 8 11 | 11.3
Dodging        | 7 |  7.5
Armour         | |  2.4

Action                   |  1- 3 |  4- 6 |  7- 9 | 10-12 || total
-------------------------+-------+-------+-------+-------++-------
Melee: Hand axe          |    94 |   143 |   109 |       ||   346
       Headbutt          |    18 |    30 |    50 |    71 ||   169
       Trident           |       |       |   170 |   254 ||   424
       Battleaxe         |       |       |       |    28 ||    28
Invok: Berserk           |       |     1 |     3 |     3 ||     7
       Trog's Hand       |       |       |     1 |     1 ||     2
  Use: Potion            |       |     1 |       |     1 ||     2
       Scroll            |       |       |     1 |       ||     1
Armor: Animal skin       |    10 |       |       |       ||    10
       Leather armour    |     6 |       |       |       ||     6
       Scale mail        |       |    34 |    49 |   153 ||   236
       Ring mail         |       |    28 |    55 |       ||    83
Dodge: Dodged            |    41 |    58 |   103 |   119 ||   321
